 Dungeon Crawl Stone Soup version 0.23.2-33-g5129a83184 (webtiles) character file.

Game seed: 4163319488742642265

597 troglodite the Charmwright (level 7, -3/56 HPs)
             Began as a Gnoll Skald on July 17, 2019.
             Was a Follower of Ashenzari.
             Killed from afar by Dowan (15 damage)
             ... with a shard of ice
             ... on level 4 of the Dungeon.
             The game lasted 00:10:51 (4307 turns).

troglodite the Charmwright (Gnoll Skald)            Turns: 4307, Time: 00:10:52

Health: -3/56      AC: 14    Str: 13    XL:     7   Next: 40%
Magic:  15/15      EV:  8    Int: 15    God:    Ashenzari [*.....]
Gold:   152        SH:  0    Dex: 17    Spells: 10/17 levels left

rFire    . . .     SeeInvis .   l - +0 trident
rCold    + . .     Gourm    .   (no shield)
rNeg     . . .     Faith    .   m - +2 chain mail {rC+} (curse)
rPois    .         Spirit   .   t - +0 helmet
rElec    .         Reflect  .   i - +0 cloak
rCorr    .         Harm     .   s - +0 pair of gloves (curse)
MR       .....                  (no boots)
Stlth    ..........             (no amulet)
HPRegen  0.18/turn              f - ring of stealth
MPRegen  0.14/turn              (no ring)

@: no status effects
A: distributed training, fangs 1, strong nose
a: Curse Item, Scrying, Renounce Religion


You were on level 4 of the Dungeon.
You worshipped Ashenzari.
Ashenzari was aware of your devotion.
You were not hungry.

You visited 1 branch of the dungeon, and saw 4 of its levels.

You collected 152 gold pieces.

Inventory:

Hand Weapons
 a - a +0 spear
 l - a +0 trident (weapon)
Armour
 i - a +0 cloak (worn)
 m - a cursed +2 chain mail of cold resistance (worn)
 s - a cursed +0 pair of gloves (worn)
 t - a +0 helmet (worn)
Jewellery
 f - a ring of stealth (left hand)
Scrolls
 b - 3 scrolls of identify {unknown}
 c - a scroll of amnesia {unknown}
 h - 3 scrolls of teleportation {unknown}
 j - a scroll of enchant weapon {unknown}
 n - a scroll of enchant armour {unknown}
 p - a scroll of fog {unknown}
 u - a scroll of fear {unknown}
Potions
 e - a potion of might {unknown}
 g - 2 potions of brilliance {unknown}
 k - 2 potions of degeneration {unknown}
 o - a potion of berserk rage {unknown}
 r - a potion of lignification {unknown}
 v - 2 potions of curing {unknown}
Comestibles
 d - 9 rations
 q - 11 chunks of flesh


   Skills:
 + Level 5.2 Fighting
 + Level 2.4 Short Blades
 + Level 2.4 Long Blades
 + Level 2.4 Axes
 + Level 2.4 Maces & Flails
 + Level 5.2 Polearms
 + Level 2.4 Staves
 + Level 2.4 Slings
 + Level 2.4 Bows
 + Level 2.4 Crossbows
 + Level 2.4 Throwing
 + Level 3.5 Armour
 + Level 5.2 Dodging
 + Level 2.4 Stealth
 + Level 2.4 Shields
 + Level 2.4 Unarmed Combat
 + Level 5.6 Spellcasting
 + Level 2.0 Conjurations
 + Level 2.0 Hexes
 + Level 5.8 Charms
 + Level 2.0 Summonings
 + Level 2.0 Necromancy
 + Level 2.0 Translocations
 + Level 2.0 Transmutations
 + Level 2.0 Fire Magic
 + Level 2.0 Ice Magic
 + Level 2.0 Air Magic
 + Level 2.0 Earth Magic
 + Level 2.0 Poison Magic
 + Level 2.6 Invocations
 + Level 2.4 Evocations


You had 10 spell levels left.
You knew the following spells:

 Your Spells              Type           Power        Failure   Level  Hunger
a - Infusion              Chrm           ###.         38%         1    None
b - Spectral Weapon       Hex/Chrm       ###.....     95%         3    ###....
c - Regeneration          Chrm/Necr      ###.......   95%         3    ###....

Your spell library contained the following spells:

 Spells                   Type           Power        Failure   Level  Hunger
 Song of Slaying          Chrm           ###.....     52%         2    #......
 Shroud of Golubria       Chrm/Tloc      ###.......   80%         2    #......


Dungeon Overview and Level Annotations

Branches:
Dungeon (4/15)
 Temple: D:4-7

Altars:
Ashenzari
Okawaru
Uskayaw

Annotations:
D:4 Dowan


Innate Abilities, Weirdness & Mutations

Your experience applies equally to all skills.
You have very sharp teeth.
Your uncanny sense of smell can sniff out nearby items.


Message History

Things that are here:
a +0 short sword; a +3 leather armour of fire resistance Dowan barely misses you.
Dowan casts a spell at you. The stone arrow hits you.
* * * LOW HITPOINT WARNING * * *
Dowan mumbles some strange words.
Dowan blinks!
Some of the chunks of flesh in your inventory have rotted away.
Dowan barely misses you. Dowan hits you but does no damage.
Dowan hits you but does no damage.
Dowan mumbles some strange words.
Dowan blinks!
Dowan casts a spell at you. The shard of ice hits you.
* * * LOW HITPOINT WARNING * * *
Dowan points at you and mumbles some strange words.
The shard of ice hits you! You partially resist.
You die...

####.......#
##..#
..........####..#
#........##...>#
#.......(##.####
∆ ##......)##.#
#......)()()#
#.###########
#.#############
#.........@...#
#############e#
#.. #.# #%#∆ #.#
#.######.#
#.#......#
#####e#.######
#...).#.#
#.#####.#


You could see Dowan.

Vanquished Creatures
  Duvessa (D:4)
  An ogre (D:4)
  A scorpion (D:4)
  2 howler monkeys
  Terence (D:2)
  An orc wizard (D:4)
  2 worker ants
  A hound skeleton (D:4)
  Robin (D:4)
  2 howler monkey skeletons
  3 adders
  A shadow imp (D:4)
  A worm (D:3)
  3 dart slugs
  2 leopard geckos
  6 orcs (D:4)
  2 ball pythons (D:4)
  7 giant cockroaches
  16 goblins
  11 hobgoblins
  7 jackals
  2 quokkas
  8 bats
  4 frilled lizards
  15 kobolds
  6 rats
107 creatures vanquished.

Notes
Turn   | Place    | Note
-------+----------+-------------------------------------------
     0 | D:1      | troglodite the Gnoll Skald began the quest for the Orb.
     0 | D:1      | Reached XP level 1. HP: 20/20 MP: 6/6
   367 | D:1      | Reached XP level 2. HP: 26/26 MP: 7/7
   430 | D:1      | Found a shattered altar of Ashenzari.
   451 | D:1      | Became a worshipper of Ashenzari the Shackled
   565 | D:1      | Reached XP level 3. HP: 12/31 MP: 9/9
   577 | D:1      | Reached skill level 5 in Spellcasting
  1070 | D:1      | Learned a level 3 spell: Spectral Weapon
  1074 | D:1      | Learned a level 3 spell: Regeneration
  1309 | D:2      | Noticed a +0 dagger
  1309 | D:2      | Noticed a +0 hand axe
  1313 | D:2      | Found a hide-covered altar of Uskayaw.
  1328 | D:2      | Reached skill level 1 in Short Blades
  1328 | D:2      | Reached skill level 1 in Long Blades
  1328 | D:2      | Reached skill level 1 in Axes
  1328 | D:2      | Reached skill level 1 in Maces & Flails
  1328 | D:2      | Reached skill level 1 in Staves
  1328 | D:2      | Reached skill level 1 in Slings
  1328 | D:2      | Reached skill level 1 in Bows
  1328 | D:2      | Reached skill level 1 in Crossbows
  1328 | D:2      | Reached skill level 1 in Throwing
  1328 | D:2      | Reached skill level 1 in Stealth
  1328 | D:2      | Reached skill level 1 in Shields
  1328 | D:2      | Reached skill level 1 in Unarmed Combat
  1328 | D:2      | Reached skill level 1 in Invocations
  1328 | D:2      | Reached skill level 1 in Evocations
  1328 | D:2      | Reached XP level 4. HP: 26/38 MP: 11/11
  1975 | D:2      | Reached skill level 1 in Conjurations
  1975 | D:2      | Reached skill level 1 in Hexes
  1975 | D:2      | Reached skill level 1 in Summonings
  1975 | D:2      | Reached skill level 1 in Necromancy
  1975 | D:2      | Reached skill level 1 in Translocations
  1975 | D:2      | Reached skill level 1 in Transmutations
  1975 | D:2      | Reached skill level 1 in Fire Magic
  1975 | D:2      | Reached skill level 1 in Ice Magic
  1975 | D:2      | Reached skill level 1 in Air Magic
  1975 | D:2      | Reached skill level 1 in Earth Magic
  1975 | D:2      | Reached skill level 1 in Poison Magic
  2098 | D:2      | Noticed Terence
  2130 | D:2      | Killed Terence
  2130 | D:2      | Reached XP level 5. HP: 25/43 MP: 8/12
  2787 | D:3      | Found a faded altar of an unknown god.
  2822 | D:3      | Reached XP level 6. HP: 42/50 MP: 13/13
  3030 | D:3      | HP: 2/50 [poisoned by a kobold]
  3694 | D:4      | Reached skill level 5 in Fighting
  3694 | D:4      | Reached skill level 5 in Polearms
  3694 | D:4      | Reached skill level 5 in Dodging
  3909 | D:4      | Reached * piety under Ashenzari
  3917 | D:4      | Found an iron altar of Okawaru.
  4047 | D:4      | Noticed Robin
  4070 | D:4      | Reached XP level 7. HP: 42/56 MP: 15/15
  4092 | D:4      | Killed Robin
  4245 | D:4      | Noticed Duvessa
  4245 | D:4      | Noticed Dowan
  4284 | D:4      | Killed Duvessa
  4307 | D:4      | Killed from afar by Dowan

Skill      XL: |  1  2  3  4  5  6  7 |
---------------+----------------------+-----
Spellcasting   | 5 |  5.6
Short Blades   | 1 2 |  2.4
Long Blades    | 1 2 |  2.4
Axes           | 1 2 |  2.4
Maces & Flails | 1 2 |  2.4
Staves         | 1 2 |  2.4
Slings         | 1 2 |  2.4
Bows           | 1 2 |  2.4
Crossbows      | 1 2 |  2.4
Throwing       | 1 2 |  2.4
Stealth        | 1 2 |  2.4
Shields        | 1 2 |  2.4
Unarmed Combat | 1 2 |  2.4
Invocations    | 1 2 |  2.6
Evocations     | 1 2 |  2.4
Conjurations   | 1 2 |  2.0
Hexes          | 1 2 |  2.0
Summonings     | 1 2 |  2.0
Necromancy     | 1 2 |  2.0
Translocations | 1 2 |  2.0
Transmutations | 1 2 |  2.0
Fire Magic     | 1 2 |  2.0
Ice Magic      | 1 2 |  2.0
Air Magic      | 1 2 |  2.0
Earth Magic    | 1 2 |  2.0
Poison Magic   | 1 2 |  2.0
Armour         | 3 |  3.5
Fighting       | 5 |  5.2
Polearms       | 5 |  5.2
Dodging        | 5 |  5.2
Charms         | |  5.8

Action                   |  1- 3 |  4- 6 |  7- 9 || total
-------------------------+-------+-------+-------++-------
Melee: Spear             |   118 |   103 |       ||   221
       Bite              |    10 |    43 |    12 ||    65
       Trident           |       |   234 |    66 ||   300
       Punch             |       |     1 |     1 ||     2
 Cast: Spectral Weapon   |       |     4 |       ||     4
Invok: Curse Item        |       |     1 |       ||     1
 Stab: Sleeping          |     1 |       |       ||     1
  Eat: Chunk             |     1 |    10 |     1 ||    12
Armor: Leather armour    |    29 |       |       ||    29
       Ring mail         |     2 |    33 |       ||    35
       Chain mail        |       |   142 |    72 ||   214
Dodge: Dodged            |    94 |   181 |    47 ||   322
